[Event "Fagernes Chess Open 2025"]
[Site "Fagernes"]
[Date "2025.04.15"]
[Round "3.1"]
[White "Andersen, Guttorm"]
[Black "Abrahamsson, Roaul"]
[Result "1-0"]
[Annotator "NA RC"]
[ECO "A45"]
[WhiteElo "1842"]
[BlackElo "1920"]
[PlyCount "105"]
[EventDate "2025.04.12"]
[EventCountry "NOR"]
[SourceTitle "playchess.com"]
[Source "ChessBase"]
[SourceQuality "1"]
[TimeControl "40/6000+30:2400+30"]

1. d4 Nf6 2. c4 e6 3. e3 Bb4+ 4. Nd2 O-O 5. Bd3 d6 6. a3 Bxd2+ 7. Bxd2 e5 8. Ne2 e4 9. Bc2 Bg4 10. O-O Nbd7 11. f3 exf3 12. gxf3 Bh3 13. Rf2 Nh5 14. Ng3 Qh4 15. Nxh5 Qxh5 16. Kh1 Rae8 17. Qg1 f5 18. Qg3 f4 19. exf4 Bf5 20. Rg1 Rf7 21. Bb3 c6 22. Qg5 Qxg5 23. fxg5 Rfe7 24. Bf4 Nb6 25. c5+ Nd5 26. cxd6 Re2 27. Kg2 Be6 28. Bxd5 Rxf2+ 29. Kxf2 Bxd5 30. Be5 Rf8 31. Rg3 Be4 32. Ke2 Bd5 33. h4 g6 34. f4 Kf7 35. Re3 Be6 36. Bf6 Re8 37. Kf2 Bd5 38. Be5 Ke6 39. Rh3 Rf8 40. h5 Rf7 41. Ke3 Kf5 42. hxg6 hxg6 43. Rh8 Be6 44. Bf6 Bd5 45. Rc8 Rh7 46. Rh8 Rxh8 47. Bxh8 Ke6 48. Be5 Kd7 49. f5 gxf5 50. Kf4 Be6 51. g6 Ke8 52. Kg5 Kf8 53. Kf6 1-0

[Event "Fagernes Chess Open 2025"]
[Site "Fagernes"]
[Date "2025.04.15"]
[Round "3.2"]
[White "Solbu, August"]
[Black "Stai, Sondre"]
[Result "0-1"]
[Annotator "NA RC"]
[ECO "C42"]
[WhiteElo "1887"]
[BlackElo "1786"]
[PlyCount "50"]
[EventDate "2025.04.12"]
[EventCountry "NOR"]
[SourceTitle "playchess.com"]
[Source "ChessBase"]
[SourceQuality "1"]
[TimeControl "40/6000+30:2400+30"]

1. e4 e5 2. Nf3 Nf6 3. Nxe5 Nxe4 4. Qe2 Qe7 5. Qxe4 d6 6. d4 dxe5 7. dxe5 Nc6 8. f4 f6 9. Nc3 fxe5 10. Nd5 Qf7 11. Bc4 Bf5 12. Qe2 Qd7 13. Be3 Bg4 14. Qd2 O-O-O 15. h3 exf4 16. Bxf4 Qe8+ 17. Kf1 Be6 18. Re1 Bxd5 19. Rxe8 Bxc4+ 20. Kg1 Bc5+ 21. Kh2 Rhxe8 22. Qc3 Re4 23. Bg5 Bd6+ 24. Kg1 Rf8 25. g3 Bc5+ 0-1

[Event "Fagernes Chess Open 2025"]
[Site "Fagernes"]
[Date "2025.04.15"]
[Round "3.3"]
[White "Lysen, Terje Kevin G"]
[Black "Ali, Karim"]
[Result "0-1"]
[Annotator "NA RC"]
[ECO "C02"]
[WhiteElo "1667"]
[BlackElo "1876"]
[PlyCount "142"]
[EventDate "2025.04.12"]
[EventCountry "NOR"]
[SourceTitle "playchess.com"]
[Source "ChessBase"]
[SourceQuality "1"]
[TimeControl "40/6000+30:2400+30"]

1. e4 e6 2. d4 d5 3. e5 c5 4. c3 Qb6 5. Nf3 Nc6 6. a3 c4 7. Nbd2 Na5 8. Rb1 Bd7 9. g3 Rc8 10. h4 Ne7 11. Bh3 h5 12. O-O Nb3 13. Nxb3 cxb3 14. Re1 a5 15. Bf1 a4 16. Bg5 Bb5 17. Bxb5+ Qxb5 18. Qe2 Qd7 19. Rbc1 b5 20. Red1 Nc6 21. Nd2 Na5 22. Rf1 Nc4 23. Nxc4 Rxc4 24. Be3 Be7 25. Qd2 Kd8 26. Bg5 Kc7 27. Bxe7 Qxe7 28. Qf4 Kb6 29. Rfd1 Rcc8 30. Rd3 Rcg8 31. Kf1 Rh6 32. Rf3 f6 33. Ke2 f5 34. Rh1 Rh7 35. Qg5 Qf7 36. Rf4 Rgh8 37. Rf3 Rh6 38. Qf4 Rg6 39. Qd2 Rg4 40. Rf4 Qe7 41. Qe3 g5 42. Rxg4 hxg4 43. h5 Rf8 44. f4 gxf3+ 45. Qxf3 f4 46. g4 Qh7 47. Qd3 Qe4+ 48. Qxe4 dxe4 49. h6 Kc6 50. h7 Rh8 51. Rh6 Kd5 52. Rh1 Kc6 53. Rh6 Kd7 54. d5 exd5 55. Ra6 Ke7 56. e6 Kf6 57. Kf2 Ke7 58. Rb6 Re8 59. Ke2 Rf8 60. Kf2 f3 61. Rxb5 e3+ 62. Kxe3 f2 63. h8=Q Rxh8 64. Kxf2 Rh2+ 65. Ke3 Rxb2 66. Rb4 Ra2 67. Rxa4 b2 68. Rb4 Rxa3 69. Kd4 Ra4 70. Rxa4 b1=Q 71. Kxd5 Qb5+ 0-1

[Event "Fagernes Chess Open 2025"]
[Site "Fagernes"]
[Date "2025.04.15"]
[Round "3.4"]
[White "Arulmaran, Abishan"]
[Black "Kopperud, Vidar Aleksander"]
[Result "1/2-1/2"]
[Annotator "NA RC"]
[ECO "B90"]
[WhiteElo "1858"]
[BlackElo "1778"]
[PlyCount "56"]
[EventDate "2025.04.12"]
[EventCountry "NOR"]
[SourceTitle "playchess.com"]
[Source "ChessBase"]
[SourceQuality "1"]
[TimeControl "40/6000+30:2400+30"]

1. e4 c5 2. Nf3 d6 3. d4 cxd4 4. Nxd4 Nf6 5. Nc3 a6 6. Rg1 h5 7. Be3 g6 8. h3 Bg7 9. Qf3 Nbd7 10. O-O-O Qc7 11. Qg3 h4 12. Qh2 Nc5 13. Bd3 b5 14. e5 Nxd3+ 15. Rxd3 dxe5 16. Nf3 Bf5 17. Rd2 b4 18. Na4 Ne4 19. Rd5 Qc6 20. Nb6 Rb8 21. Nxe5 Qc7 22. Ng4 Qxh2 23. Nxh2 Bh6 24. Nc4 Be6 25. Rd4 Bxc4 26. Bxh6 Rxh6 27. Ng4 Rh5 28. Rxe4 Be6 1/2-1/2

[Event "Fagernes Chess Open 2025"]
[Site "Fagernes"]
[Date "2025.04.15"]
[Round "3.5"]
[White "Hansen, Thobias Gotaas"]
[Black "Yilmaz, Kazim"]
[Result "1-0"]
[Annotator "NA RC"]
[ECO "C54"]
[WhiteElo "1805"]
[BlackElo "1818"]
[PlyCount "141"]
[EventDate "2025.04.12"]
[EventCountry "NOR"]
[SourceTitle "playchess.com"]
[Source "ChessBase"]
[SourceQuality "1"]
[TimeControl "40/6000+30:2400+30"]

1. e4 e5 2. Nf3 Nc6 3. Bc4 Bc5 4. c3 d6 5. d3 Nf6 6. Bg5 O-O 7. b4 Bb6 8. a4 a6 9. O-O Bg4 10. Nbd2 Qe7 11. Re1 Rad8 12. Nf1 h6 13. Be3 Bxe3 14. Nxe3 Be6 15. Bd5 Bxd5 16. exd5 Na7 17. d4 exd4 18. Nf5 Qd7 19. N3xd4 c5 20. Re7 Qc8 21. Ne6 fxe6 22. Rxg7+ Kh8 23. Qd2 Ng8 24. Rxg8+ Kxg8 25. Ne7+ Kf7 26. Nxc8 Nxc8 27. dxe6+ Kxe6 28. Qxh6+ Kd7 29. Kf1 cxb4 30. Qg7+ Ne7 31. Re1 Rfe8 32. Qg4+ Kc7 33. cxb4 Nc6 34. h4 Rxe1+ 35. Kxe1 d5 36. h5 d4 37. h6 Nxb4 38. h7 Nc6 39. Qg7+ Kc8 40. h8=Q Rxh8 41. Qxh8+ Kc7 42. g4 b5 43. axb5 axb5 44. g5 b4 45. Qg8 Na5 46. Qd5 Nc6 47. Qc4 Kd6 48. g6 Ne5 49. Qxd4+ Ke6 50. Qxe5+ Kxe5 51. g7 b3 52. g8=Q b2 53. Qh8+ Kf4 54. Qxb2 Kf3 55. Qc3+ Kf4 56. Qg3+ Kf5 57. Qh4 Ke6 58. Qg5 Kf7 59. Qh6 Ke7 60. Ke2 Kf7 61. Kf3 Ke7 62. Qg6 Kd7 63. Qf6 Kc7 64. Qe6 Kb7 65. Qd6 Ka7 66. Qc6 Kb8 67. Qd7 Ka8 68. Ke4 Kb8 69. Kd5 Ka8 70. Kc6 Kb8 71. Qb7# 1-0

[Event "Fagernes Chess Open 2025"]
[Site "Fagernes"]
[Date "2025.04.15"]
[Round "3.6"]
[White "Gilsdottir, Sara"]
[Black "Engkvist, Tomas"]
[Result "0-1"]
[Annotator "NA RC"]
[ECO "D35"]
[WhiteElo "1738"]
[BlackElo "1969"]
[PlyCount "96"]
[EventDate "2025.04.12"]
[EventCountry "NOR"]
[SourceTitle "playchess.com"]
[Source "ChessBase"]
[SourceQuality "1"]
[TimeControl "40/6000+30:2400+30"]

1. d4 d5 2. c4 e6 3. Nc3 Nf6 4. Nf3 Be7 5. Bg5 O-O 6. cxd5 exd5 7. g3 c6 8. Bg2 h6 9. Bd2 Bf5 10. O-O Nbd7 11. Re1 Ne4 12. Be3 Ndf6 13. Nd2 Nxc3 14. bxc3 Ng4 15. Bf4 g5 16. e4 Bd7 17. Be3 dxe4 18. Bxe4 f5 19. Bf3 Nxe3 20. Rxe3 g4 21. Bg2 f4 22. Re4 f3 23. Bf1 Bf5 24. Qb3+ Kg7 25. Ree1 Qd7 26. Nc4 Bf6 27. Ne5 Qc7 28. Rad1 b5 29. a4 a6 30. Bd3 Bxd3 31. Rxd3 Qc8 32. Re4 h5 33. d5 Qf5 34. Rde3 Rfe8 35. Rf4 Qxe5 36. Rxe5 Rxe5 37. Kf1 Rae8 38. Qd1 Rxd5 39. Qc1 Rde5 40. axb5 cxb5 41. c4 b4 42. c5 b3 43. Rb4 Re1+ 44. Qxe1 Rxe1+ 45. Kxe1 Bc3+ 46. Kd1 Bxb4 47. c6 Bd6 48. Kc1 a5 0-1

[Event "Fagernes Chess Open 2025"]
[Site "Fagernes"]
[Date "2025.04.15"]
[Round "3.7"]
[White "Aroven, Mikael"]
[Black "Kuzmenko, Mykhailo"]
[Result "1-0"]
[Annotator "RC"]
[ECO "A13"]
[WhiteElo "2145"]
[BlackElo "1747"]
[PlyCount "83"]
[EventDate "2025.04.12"]
[EventCountry "NOR"]
[SourceTitle "playchess.com"]
[Source "ChessBase"]
[SourceQuality "1"]
[TimeControl "40/6000+30:2400+30"]

1. Nf3 Nf6 2. c4 e6 3. e3 d5 4. b3 c5 5. Bb2 Be7 6. Be2 O-O 7. O-O Nc6 8. a3 d4 9. exd4 Nxd4 10. Nxd4 cxd4 11. d3 e5 12. Bf3 Qc7 13. Re1 a5 14. Nd2 Bd7 15. Bxd4 exd4 16. Rxe7 Rae8 17. Rxe8 Rxe8 18. Ne4 Nxe4 19. Bxe4 Bc6 20. Bxc6 bxc6 21. b4 Qe5 22. Rb1 h6 23. g3 Rb8 24. Qf3 Qd6 25. Qe4 Qf6 26. Kg2 Qd6 27. h3 Qf6 28. b5 cxb5 29. Rxb5 Rxb5 30. cxb5 a4 31. Qa8+ Kh7 32. Qxa4 g5 33. Qa8 h5 34. Qc6 Qd8 35. b6 Kg7 36. b7 g4 37. hxg4 hxg4 38. Qe4 Qd6 39. Qxg4+ Kf8 40. Qc8+ Kg7 41. b8=Q Qd5+ 42. Kg1 1-0

[Event "Fagernes Chess Open 2025"]
[Site "Fagernes"]
[Date "2025.04.15"]
[Round "3.8"]
[White "Sivaparan, Isai"]
[Black "Smedsrud, Morten S"]
[Result "1-0"]
[Annotator "NA RC"]
[ECO "C47"]
[WhiteElo "1944"]
[BlackElo "1699"]
[PlyCount "85"]
[EventDate "2025.04.12"]
[EventCountry "NOR"]
[SourceTitle "playchess.com"]
[Source "ChessBase"]
[SourceQuality "1"]
[TimeControl "40/6000+30:2400+30"]

1. e4 e5 2. Nf3 Nf6 3. Nc3 Nc6 4. h3 d5 5. exd5 Nxd5 6. Bb5 Nxc3 7. bxc3 Bd6 8. O-O O-O 9. Re1 Qf6 10. d4 exd4 11. cxd4 Bd7 12. Bg5 Qg6 13. Bd3 Bf5 14. Nh4 Qxg5 15. Nxf5 Rfd8 16. Re4 Bf8 17. Rg4 Qf6 18. Qd2 Kh8 19. c3 Ne7 20. Ng3 c5 21. Ne4 Qc6 22. Nxc5 Nd5 23. Rh4 Nf6 24. Nb3 Rac8 25. c4 Be7 26. Re1 Bf8 27. Qg5 Re8 28. Re5 Qd6 29. Qf5 g6 30. Qf4 Kg8 31. c5 Qd8 32. Rxe8 Nxe8 33. Rxh7 Qf6 34. Rh4 Bg7 35. Qxf6 Nxf6 36. Rf4 Re8 37. Kf1 Nd5 38. Re4 Rd8 39. Bc4 Nc3 40. Re7 Nxa2 41. Rxf7 Kh8 42. Rxb7 Nc3 43. c6 1-0

[Event "Fagernes Chess Open 2025"]
[Site "Fagernes"]
[Date "2025.04.15"]
[Round "3.9"]
[White "Stokhaug, Jon Arne"]
[Black "Lang, Gusztav Jr"]
[Result "1/2-1/2"]
[Annotator "NA RC"]
[ECO "D46"]
[WhiteElo "1871"]
[BlackElo "1729"]
[PlyCount "61"]
[EventDate "2025.04.12"]
[EventCountry "NOR"]
[SourceTitle "playchess.com"]
[Source "ChessBase"]
[SourceQuality "1"]
[TimeControl "40/6000+30:2400+30"]

1. d4 Nf6 2. Nf3 d5 3. c4 e6 4. Nc3 c6 5. e3 Be7 6. Bd3 Nbd7 7. O-O O-O 8. b3 Re8 9. Bb2 Bd6 10. cxd5 exd5 11. Qc2 Qe7 12. Rae1 Ne4 13. Bxe4 dxe4 14. Nd2 Nf6 15. f4 exf3 16. Nxf3 Bb4 17. Ne5 Ng4 18. Nxg4 Bxg4 19. Qf2 Be6 20. Kh1 Bxc3 21. Bxc3 Bd5 22. Qg3 Qe4 23. Rf2 Re6 24. Qf4 Qxf4 25. Rxf4 Rae8 26. Bd2 Rg6 27. e4 Rge6 28. e5 f6 29. Bc3 fxe5 30. Rxe5 Rxe5 31. dxe5 1/2-1/2

[Event "Fagernes Chess Open 2025"]
[Site "Fagernes"]
[Date "2025.04.15"]
[Round "3.10"]
[White "Odden, Jan Ove"]
[Black "Brattgjerd, August Minh"]
[Result "1/2-1/2"]
[Annotator "NA RC"]
[ECO "C02"]
[WhiteElo "1720"]
[BlackElo "1845"]
[PlyCount "113"]
[EventDate "2025.04.12"]
[EventCountry "NOR"]
[SourceTitle "playchess.com"]
[Source "ChessBase"]
[SourceQuality "1"]
[TimeControl "40/6000+30:2400+30"]

1. e4 e6 2. d4 d5 3. e5 c5 4. c3 Bd7 5. Nf3 Qb6 6. Bd3 Bb5 7. O-O Bxd3 8. Qxd3 Nc6 9. Re1 Nge7 10. dxc5 Qxc5 11. b4 Qb6 12. Be3 Qc7 13. Nbd2 Ng6 14. Bd4 Rc8 15. Rac1 Be7 16. a3 O-O 17. g3 Nxd4 18. Qxd4 a5 19. h4 h5 20. Qe3 Rfd8 21. Ng5 axb4 22. axb4 Ra8 23. Ndf3 Ra3 24. Qd3 Qc4 25. Qxc4 dxc4 26. Nd4 Bxg5 27. hxg5 Ne7 28. Nb5 Ra2 29. Nd6 b5 30. Re3 Nf5 31. Nxf5 exf5 32. e6 fxe6 33. Rxe6 Kf7 34. Re5 Kg6 35. Rxb5 Kxg5 36. Re5 Rdd2 37. Rf1 Rac2 38. Re3 Rd3 39. Rfe1 Rdxc3 40. b5 Rb3 41. Rxb3 cxb3 42. Rb1 b2 43. Kg2 h4 44. gxh4+ Kg4 45. b6 f4 46. b7 f3+ 47. Kh2 Rxf2+ 48. Kh1 Rc2 49. b8=Q Rc1+ 50. Kh2 Rxb1 51. Qg3+ Kf5 52. Qxf3+ Ke5 53. Qh5+ Kd4 54. Qg4+ Kc3 55. Qf3+ Kc2 56. Qe2+ Kc3 57. Qe3+ 1/2-1/2

[Event "Fagernes Chess Open 2025"]
[Site "Fagernes"]
[Date "2025.04.15"]
[Round "3.11"]
[White "Digernes, Mikael"]
[Black "Andersen, Even Jorstad"]
[Result "1-0"]
[Annotator "NA RC"]
[ECO "A03"]
[WhiteElo "1781"]
[BlackElo "1681"]
[PlyCount "81"]
[EventDate "2025.04.12"]
[EventCountry "NOR"]
[SourceTitle "playchess.com"]
[Source "ChessBase"]
[SourceQuality "1"]
[TimeControl "40/6000+30:2400+30"]

1. f4 d5 2. Nf3 c5 3. e3 g6 4. Bb5+ Nd7 5. Be2 Bg7 6. d4 Ngf6 7. Ne5 O-O 8. O-O Ne4 9. Nxd7 Qxd7 10. Nd2 cxd4 11. Nf3 dxe3 12. c3 Rd8 13. Bxe3 Qc7 14. Qb3 Bf5 15. Rad1 Nc5 16. Qa3 b6 17. Nd4 Be4 18. Bg4 a6 19. b4 Nb7 20. Be2 Nd6 21. Qb3 Rdc8 22. Rc1 Nc4 23. Bxc4 Qxc4 24. Rfd1 Bxd4 25. Bxd4 Qe2 26. Bf2 Qg4 27. Bg3 h5 28. Qb2 h4 29. Be1 h3 30. Bg3 hxg2 31. Qf2 Rxc3 32. Rxc3 Qxd1+ 33. Qe1 Qxe1+ 34. Bxe1 Kf8 35. Bf2 b5 36. Bd4 Ke8 37. Rc7 a5 38. a4 axb4 39. axb5 Kd8 40. Bb6 Ra1+ 41. Rc1+ 1-0

[Event "Fagernes Chess Open 2025"]
[Site "Fagernes"]
[Date "2025.04.15"]
[Round "3.12"]
[White "Neukamm, Christian"]
[Black "Sigvaldsen, Sebastian"]
[Result "1-0"]
[Annotator "NA RC"]
[ECO "C11"]
[WhiteElo "1776"]
[BlackElo "1613"]
[PlyCount "105"]
[EventDate "2025.04.12"]
[EventCountry "NOR"]
[SourceTitle "playchess.com"]
[Source "ChessBase"]
[SourceQuality "1"]
[TimeControl "40/6000+30:2400+30"]

1. e4 e6 2. d4 d5 3. Nc3 Nf6 4. e5 Nfd7 5. f4 c5 6. Nf3 Nc6 7. Be3 a6 8. Be2 cxd4 9. Nxd4 Nxd4 10. Bxd4 Bc5 11. Bxc5 Nxc5 12. Qd4 Qb6 13. O-O-O Nd7 14. Qd3 Nc5 15. Qg3 g6 16. f5 Bd7 17. fxe6 fxe6 18. Rhf1 O-O-O 19. Rf7 Be8 20. Rf6 Nd7 21. Nxd5 exd5 22. Rxb6 Nxb6 23. Bg4+ Kb8 24. e6+ Ka7 25. e7 Rb8 26. Qe5 Bc6 27. Qd6 Rbe8 28. Rf1 Nc8 29. Bxc8 Rxc8 30. Rf8 Re8 31. Qf6 Rg8 32. Rxg8 Rxg8 33. Qf8 Rxf8 34. exf8=Q d4 35. g3 Kb6 36. Qb4+ Kc7 37. Qxd4 h5 38. Qg7+ Kb8 39. Qxg6 Bf3 40. Qe8+ Kc7 41. Qf7+ Kb6 42. Qxf3 a5 43. Qxh5 a4 44. c4 a3 45. b4 Kc7 46. Qg6 b6 47. b5 Kd7 48. Qxb6 Kc8 49. Qa7 Kd8 50. b6 Ke8 51. Qc7 Kf8 52. b7 Kg8 53. b8=Q# 1-0

[Event "Fagernes Chess Open 2025"]
[Site "Fagernes"]
[Date "2025.04.15"]
[Round "3.13"]
[White "Dybvik, Bjorn Noralf"]
[Black "Rynning, Rune Kleiven"]
[Result "0-1"]
[Annotator "NA RC"]
[ECO "B22"]
[WhiteElo "1686"]
[BlackElo "1776"]
[PlyCount "142"]
[EventDate "2025.04.12"]
[EventCountry "NOR"]
[SourceTitle "playchess.com"]
[Source "ChessBase"]
[SourceQuality "1"]
[TimeControl "40/6000+30:2400+30"]

1. e4 c5 2. c3 d5 3. exd5 Qxd5 4. d4 Nc6 5. Nf3 Bf5 6. Be2 cxd4 7. cxd4 Bxb1 8. Rxb1 e6 9. a3 Bd6 10. O-O Nge7 11. b3 O-O 12. Bc4 Qh5 13. Be2 Nd5 14. Qd3 Nf4 15. Bxf4 Bxf4 16. g3 Bh6 17. Ne5 Nxe5 18. dxe5 Qxe5 19. Rfe1 Rfd8 20. Qf3 b5 21. Rbd1 g6 22. Bf1 Qc5 23. b4 Qb6 24. Bg2 Rac8 25. Kh1 a5 26. Kg1 axb4 27. axb4 Rd4 28. Rxd4 Qxd4 29. Qe4 Qb2 30. Rb1 Qc3 31. Bf1 Rb8 32. Rd1 Bf8 33. Qf4 e5 34. Qf6 Qc7 35. Rb1 Rb6 36. Qg5 Be7 37. Qe3 Rb8 38. Rc1 Qd6 39. Rb1 Bd8 40. Qb3 Bb6 41. Rd1 Bd4 42. Rc1 Bxf2+ 43. Kg2 Ba7 44. Rd1 Bd4 45. Rc1 e4 46. Rd1 e3 47. Qxe3 Qc6+ 48. Qf3 Qc2+ 49. Kh1 Qb2 50. Qd5 Bf6 51. Qf3 Rc8 52. Bg2 Rc2 53. Rf1 Kg7 54. g4 h6 55. h3 Rc4 56. Rf2 Rc1+ 57. Bf1 Qd4 58. Kg2 Rc3 59. Qb7 Qe5 60. Rf3 Rc2+ 61. Rf2 Rxf2+ 62. Kxf2 Qh2+ 63. Bg2 Qf4+ 64. Bf3 Bh4+ 65. Ke2 Qc4+ 66. Kd1 Qd3+ 67. Kc1 Bg5+ 68. Kb2 Qd4+ 69. Kc2 Qc4+ 70. Kd1 Qd3+ 71. Ke1 Bh4# 0-1

[Event "Fagernes Chess Open 2025"]
[Site "Fagernes"]
[Date "2025.04.15"]
[Round "3.14"]
[White "Vollheim, Daniel O"]
[Black "Bollestad, Leiv Ove"]
[Result "1-0"]
[Annotator "NA RC"]
[ECO "D13"]
[WhiteElo "1764"]
[BlackElo "1585"]
[PlyCount "57"]
[EventDate "2025.04.12"]
[EventCountry "NOR"]
[SourceTitle "playchess.com"]
[Source "ChessBase"]
[SourceQuality "1"]
[TimeControl "40/6000+30:2400+30"]

1. c4 c6 2. Nf3 d5 3. cxd5 cxd5 4. d4 e6 5. Nc3 Nf6 6. e3 Bd6 7. Bd3 Nc6 8. O-O O-O 9. Bd2 a6 10. a3 Qc7 11. Rc1 Bd7 12. Qe2 Qd8 13. Rfd1 Re8 14. e4 e5 15. dxe5 Nxe5 16. Nxe5 Bxe5 17. h3 Bc6 18. Bg5 Qb6 19. Bxf6 Bxf6 20. Qc2 Bxc3 21. exd5 Bd4 22. dxc6 Rac8 23. Bxh7+ Kh8 24. Be4 Bxf2+ 25. Qxf2 Qxf2+ 26. Kxf2 Rxe4 27. cxb7 Rce8 28. Rc8 Re2+ 29. Kf1 1-0

[Event "Fagernes Chess Open 2025"]
[Site "Fagernes"]
[Date "2025.04.15"]
[Round "3.15"]
[White "Jorgensen, Catherine"]
[Black "Nebell, Anne Grete"]
[Result "1-0"]
[Annotator "NA RC"]
[ECO "E01"]
[WhiteElo "1609"]
[BlackElo "1561"]
[PlyCount "66"]
[EventDate "2025.04.12"]
[EventCountry "NOR"]
[SourceTitle "playchess.com"]
[Source "ChessBase"]
[SourceQuality "1"]
[TimeControl "40/6000+30:2400+30"]

1. d4 d5 2. Nf3 Nf6 3. g3 c5 4. Bg2 e6 5. O-O Nc6 6. c4 Be7 7. e3 O-O 8. b3 Qc7 9. Qc2 Rb8 10. Nc3 a6 11. a4 Nb4 12. Qe2 Bd7 13. Bb2 Rfe8 14. Rac1 Bc6 15. cxd5 Nfxd5 16. dxc5 Nf6 17. Qc4 a5 18. Nb5 Bxb5 19. axb5 Rbc8 20. Bd4 Nfd5 21. Nd2 Na2 22. Ra1 Ndc3 23. Bxc3 Nxc3 24. Qxc3 Bf6 25. Qxa5 Bxa1 26. Qxa1 Qxc5 27. Bxb7 Rc7 28. Bc6 Rd8 29. Ne4 Qb4 30. Rd1 Rf8 31. Qa4 Qe7 32. b6 Rcc8 33. Rd7 Qe8 1-0

[Event "Fagernes Chess Open 2025"]
[Site "Fagernes"]
[Date "2025.04.15"]
[Round "3.16"]
[White "Holten, Terje"]
[Black "Lien, Benjamin"]
[Result "0-1"]
[Annotator "NA RC"]
[ECO "E97"]
[WhiteElo "1566"]
[BlackElo "1733"]
[PlyCount "66"]
[EventDate "2025.04.12"]
[EventCountry "NOR"]
[SourceTitle "playchess.com"]
[Source "ChessBase"]
[SourceQuality "1"]
[TimeControl "40/6000+30:2400+30"]

1. d4 Nf6 2. c4 g6 3. Nc3 Bg7 4. Nf3 d6 5. e4 O-O 6. Be2 e5 7. O-O Nc6 8. d5 Ne7 9. Be3 Ne8 10. Rc1 f5 11. exf5 gxf5 12. Bg5 Nf6 13. h3 h6 14. Bxf6 Rxf6 15. Qd2 Ng6 16. Bd1 Nf4 17. Ne2 Nxh3+ 18. gxh3 Rg6+ 19. Ng3 e4 20. Nh2 Qh4 21. Kh1 Qxh3 22. Rg1 Be5 23. Qe3 Kh8 24. Rc2 f4 25. Qxe4 fxg3 26. fxg3 Bf5 27. Qg2 Rxg3 28. Qxh3 Rxh3 29. Rd2 Be4+ 30. Rgg2 Rxh2+ 31. Kg1 Rxg2+ 32. Rxg2 Bxg2 33. Kxg2 Rf8 0-1

[Event "Fagernes Chess Open 2025"]
[Site "Fagernes"]
[Date "2025.04.15"]
[Round "3.17"]
[White "Johansson, Henrik"]
[Black "Vatneodegard, Marie"]
[Result "0-1"]
[Annotator "NA RC"]
[ECO "D05"]
[WhiteElo "1730"]
[BlackElo "1538"]
[PlyCount "60"]
[EventDate "2025.04.12"]
[EventCountry "NOR"]
[SourceTitle "playchess.com"]
[Source "ChessBase"]
[SourceQuality "1"]
[TimeControl "40/6000+30:2400+30"]

1. d4 d5 2. Nf3 Nf6 3. e3 e6 4. Bd3 c5 5. b3 Nc6 6. Bb2 b6 7. Nbd2 Bb7 8. a3 Be7 9. O-O O-O 10. Ne5 Nxe5 11. dxe5 Ne4 12. Nxe4 dxe4 13. Bc4 Qc7 14. Qg4 Rfd8 15. Rfd1 Bf8 16. Bf1 Rd7 17. g3 Rad8 18. Bg2 g6 19. Rxd7 Rxd7 20. Bxe4 Bxe4 21. Qxe4 Qd8 22. Bc3 Rd1+ 23. Rxd1 Qxd1+ 24. Kg2 Kg7 25. Qd3 Qg4 26. h3 Qg5 27. Qd7 Qf5 28. Qd3 Qg5 29. f4 Qe7 30. Qd6 Qb7+ 0-1

[Event "Fagernes Chess Open 2025"]
[Site "Fagernes"]
[Date "2025.04.15"]
[Round "3.18"]
[White "Skotheim, Havard"]
[Black "Warstad, Leif E"]
[Result "1/2-1/2"]
[Annotator "NA RC"]
[ECO "B12"]
[WhiteElo "1548"]
[BlackElo "1606"]
[PlyCount "59"]
[EventDate "2025.04.12"]
[EventCountry "NOR"]
[SourceTitle "playchess.com"]
[Source "ChessBase"]
[SourceQuality "1"]
[TimeControl "40/6000+30:2400+30"]

1. e4 c6 2. d4 d5 3. e5 Bf5 4. Nc3 Nd7 5. Be3 e6 6. g4 Bg6 7. Nge2 h6 8. f4 Ne7 9. Ng3 f5 10. exf6 Nxf6 11. h4 Qc7 12. Bh3 Bf7 13. Qf3 Nc8 14. O-O-O Bd6 15. Kb1 Nb6 16. Bf1 O-O-O 17. Bd3 Kb8 18. Nge2 Rhf8 19. Rhf1 Nc4 20. Bxc4 dxc4 21. Ne4 Nxe4 22. Qxe4 Rde8 23. g5 hxg5 24. hxg5 Bh5 25. Rd2 Bxe2 26. Rxe2 Rf5 27. c3 Qf7 28. Bd2 Kc7 29. Qf3 Re7 30. Ref2 1/2-1/2

[Event "Fagernes Chess Open 2025"]
[Site "Fagernes"]
[Date "2025.04.15"]
[Round "3.19"]
[White "Ruud, Mikael"]
[Black "Wen, Liana"]
[Result "1-0"]
[Annotator "NA RC"]
[ECO "B12"]
[WhiteElo "1588"]
[BlackElo "1404"]
[PlyCount "57"]
[EventDate "2025.04.12"]
[EventCountry "NOR"]
[SourceTitle "playchess.com"]
[Source "ChessBase"]
[SourceQuality "1"]
[TimeControl "40/6000+30:2400+30"]

1. e4 c6 2. d4 d5 3. e5 Bf5 4. h4 Nd7 5. g4 Be4 6. f3 Qc7 7. fxe4 dxe4 8. Nc3 O-O-O 9. Nxe4 Nxe5 10. Bf4 Nd3+ 11. Qxd3 Qxf4 12. Ne2 Qc7 13. Bh3 e5 14. O-O-O c5 15. d5 Ne7 16. d6 Qc6 17. Qc4 Ng6 18. Qxf7 Bxd6 19. Qe6+ Kb8 20. Nxd6 Nxh4 21. Qxe5 Ng6 22. Qg3 Ka8 23. Bg2 Nf4 24. Nxf4 Qa4 25. Nxb7 Rxd1+ 26. Rxd1 Qxa2 27. Nxc5+ Kb8 28. Nfe6+ Kc8 29. Qc7# 1-0

[Event "Fagernes Chess Open 2025"]
[Site "Fagernes"]
[Date "2025.04.18"]
[Round "7.1"]
[White "Stai, Sondre"]
[Black "Sivaparan, Isai"]
[Result "1/2-1/2"]
[Annotator "NA"]
[ECO "B13"]
[WhiteElo "1786"]
[BlackElo "1944"]
[PlyCount "64"]
[EventDate "2025.04.12"]
[EventCountry "NOR"]
[SourceTitle "playchess.com"]
[Source "ChessBase"]
[SourceQuality "1"]
[TimeControl "40/6000+30:2400+30"]

1. d4 Nf6 2. Nc3 d5 3. Bf4 c5 4. e3 cxd4 5. exd4 a6 6. Nf3 Nc6 7. Ne5 Qb6 8. Nxc6 bxc6 9. Na4 Qd8 10. Bd3 Bg4 11. f3 Bh5 12. Nc5 Qb6 13. O-O e6 14. Nb3 Be7 15. c3 Bg6 16. Be5 O-O 17. Rb1 Nd7 18. Bg3 Rfe8 19. Bxg6 hxg6 20. Kh1 Nf6 21. Qd2 Nh5 22. Bf2 Qc7 23. Nc5 Bd6 24. g3 Kh7 25. f4 Nf6 26. b4 Bxc5 27. dxc5 Ne4 28. Qd3 Reb8 29. Bd4 Rb7 30. g4 a5 31. a3 axb4 32. cxb4 Rba7 1/2-1/2

[Event "Fagernes Chess Open 2025"]
[Site "Fagernes"]
[Date "2025.04.18"]
[Round "7.2"]
[White "Ali, Karim"]
[Black "Andersen, Guttorm"]
[Result "1-0"]
[Annotator "NA RC"]
[ECO "A13"]
[WhiteElo "1876"]
[BlackElo "1842"]
[PlyCount "55"]
[EventDate "2025.04.12"]
[EventCountry "NOR"]
[SourceTitle "playchess.com"]
[Source "ChessBase"]
[SourceQuality "1"]
[TimeControl "40/6000+30:2400+30"]

1. c4 e6 2. g3 d5 3. Bg2 c6 4. Nf3 Nf6 5. O-O Bd6 6. Nc3 e5 7. cxd5 Nxd5 8. d4 Nxc3 9. bxc3 e4 10. Nd2 f5 11. Qb3 Qe7 12. Nc4 Bc7 13. Ba3 Qf6 14. f3 b5 15. Ne3 Be6 16. d5 Bb6 17. dxe6 Bxe3+ 18. Kh1 Na6 19. fxe4 b4 20. cxb4 Bd4 21. e5 Qxe5 22. Bxc6+ Ke7 23. b5+ Nc5 24. Bxc5+ Bxc5 25. Bxa8 Rxa8 26. Qf3 Rf8 27. Rad1 f4 28. Rd7+ 1-0

[Event "Fagernes Chess Open 2025"]
[Site "Fagernes"]
[Date "2025.04.18"]
[Round "7.3"]
[White "Arulmaran, Abishan"]
[Black "Engkvist, Tomas"]
[Result "0-1"]
[Annotator "NA RC"]
[ECO "C50"]
[WhiteElo "1858"]
[BlackElo "1969"]
[PlyCount "42"]
[EventDate "2025.04.12"]
[EventCountry "NOR"]
[SourceTitle "playchess.com"]
[Source "ChessBase"]
[SourceQuality "1"]
[TimeControl "40/6000+30:2400+30"]

1. e4 e5 2. Nf3 Nc6 3. Bc4 Bc5 4. d4 Bxd4 5. Nxd4 Nxd4 6. Be3 Nc6 7. Qg4 Qf6 8. Nc3 d6 9. Qe2 Nge7 10. Nb5 Kd8 11. O-O Bd7 12. f4 Qg6 13. f5 Qf6 14. Qg4 h6 15. h4 g6 16. Qe2 gxf5 17. exf5 Qxh4 18. f6 Nf5 19. Rf3 Ng3 20. Qe1 Qh1+ 21. Kf2 Ne4+ 0-1